 Dungeon Crawl Stone Soup version 0.26-a0-1102-g347fe5baa7 (webtiles) character file.

Game seed: 3982878634621975317

200 jiml777 the Magician (level 5, -5/28 HPs)
             Began as a Deep Elf Air Elementalist on Dec 15, 2020.
             Killed from afar by Dowan (10 damage)
             ... with a puff of flame
             ... on level 3 of the Dungeon.
             The game lasted 00:26:41 (3594 turns).

jiml777 the Magician (Deep Elf Air Elementalist)    Turns: 3594, Time: 00:26:41

Health: -5/28      AC:  3    Str:  5    XL:     5   Next: 48%
Magic:  2/14       EV: 13    Int: 21    God:
Gold:   154        SH:  0    Dex: 15    Spells: 3/13 levels left

rFire    . . .     SeeInvis .   j - +2 dagger (speed)
rCold    . . .     Faith    .   (no shield)
rNeg     . . .     Spirit   .   n - +0 robe
rPois    .         Reflect  .   (no helmet)
rElec    .         Harm     .   (no cloak)
rCorr    .         Rampage  .   (no gloves)
Will     .....                  r - +0 pair of boots
Stlth    ++........             q - amulet of inaccuracy (curse)
HPRegen  0.09/turn              t - ring of flight
MPRegen  0.14/turn              (no ring)

@: no status effects
A: no striking features
a: Evoke Flight


You were on level 3 of the Dungeon.
You visited 1 branch of the dungeon, and saw 4 of its levels.

You collected 154 gold pieces.

Inventory:

Hand Weapons
 c - a +0 dagger
 j - a +2 dagger of speed (weapon)
Missiles
 f - 16 poisoned darts
 o - 25 arrows
Armour
 n - a +0 robe (worn)
 r - a +0 pair of boots (worn)
Jewellery
 m - an uncursed amulet of faith
 q - a cursed amulet of inaccuracy (around neck)
 t - a ring of flight (left hand)
Scrolls
 b - 4 scrolls of identify
 d - a scroll of teleportation
 e - a scroll of amnesia {unknown}
 h - a scroll of enchant weapon {unknown}
 k - a scroll of enchant armour {unknown}
 l - a scroll of remove curse {unknown}
 p - a scroll of fog
 u - a scroll of magic mapping {unknown}
Potions
 a - a potion of brilliance {unknown}
 i - 2 potions of curing
 s - a potion of berserk rage {unknown}


   Skills:
 + Level 0.1 Fighting
 + Level 0.3 Short Blades
 + Level 3.1 Dodging
 + Level 2.7 Stealth
 + Level 4.8 Spellcasting
 + Level 2.4 Conjurations
 + Level 4.6 Air Magic


You had 3 spell levels left.
You knew the following spells:

 Your Spells              Type           Power        Failure   Level
a - Shock                 Conj/Air       ###.         2%          1
b - Swiftness             Air            ###.....     2%          2
c - Static Discharge      Conj/Air       ###.....     8%          3
d - Airstrike             Air            ###.......   17%         4

Your spell library contained the following spells:

 Spells                   Type           Power        Failure   Level
 Lightning Bolt           Conj/Air       ###.......   56%         5


Dungeon Overview and Level Annotations

Branches:
Dungeon (4/15)
 Temple: D:4-7

Altars:
Elyvilon
Makhleb
Okawaru
Qazlal
The Shining One

Annotations:
D:3 Dowan, Duvessa


Message History

Duvessa is severely wounded.
You hit Duvessa.
Duvessa is severely wounded.
Duvessa says, "I don't care about looks, I care about technique!"
Duvessa hits you with a +0 short sword.
* * * LOW HITPOINT WARNING * * *
You hit Duvessa but do no damage.
Duvessa is severely wounded.
Duvessa barely misses you.
You hit Duvessa.
Duvessa is severely wounded.
You hit Duvessa but do no damage.
Duvessa is severely wounded.
You closely miss Duvessa.
Duvessa is severely wounded.
Duvessa hits you with a +0 short sword.
* * * LOW HITPOINT WARNING * * *
Dowan casts a spell at you. The puff of flame hits you!
You die...

#.......#......# #<.....# ##
#.......'......# #.#....# #.
#.......#......###.#....# #.
##.######...............# #.
#.######..#.#......)...# #.
#.#.......#.#..........## #.
#.#.###...#.#..[........####
#.#.# #...#.#......###......
#.#.# #...#@#...........#...
#.#.# #...#.#####'##...###..
#####.#.# #.>.ee............)...
#.....#.#######.......#..#.).).#
#.#####.##......#######.##.._..#
#.# #.........# #.†.#.).).# #.#
####.###### #...)...... #.#
####'####### #.#...###.. #.#
#..........# #.##...#...


You could see Duvessa and Dowan.

Vanquished Creatures
  A crimson imp (D:2)
  An orc wizard (D:2)
  4 adders
  5 worms
  3 dart slugs (D:2)
  9 orcs
  3 ball pythons
  5 giant cockroaches
  9 goblins
  8 hobgoblins
  3 kobolds
  A quokka (D:3)
  6 bats
  4 frilled lizards
  11 rats
73 creatures vanquished.

Notes
Turn   | Place    | Note
-------+----------+-------------------------------------------
     0 | D:1      | jiml777 the Deep Elf Air Elementalist began the quest for
                  | the Orb.
     0 | D:1      | Reached XP level 1. HP: 10/10 MP: 6/6
   247 | D:1      | Reached XP level 2. HP: 15/15 MP: 6/8
   919 | D:2      | Reached XP level 3. HP: 12/19 MP: 0/10
  1108 | D:2      | Learned a level 2 spell: Swiftness
  1112 | D:2      | Learned a level 3 spell: Static Discharge
  1499 | D:2      | Reached XP level 4. HP: 24/24 MP: 8/11
  1504 | D:2      | Learned a level 4 spell: Airstrike
  1822 | D:2      | Found a white marble altar of Elyvilon.
  2134 | D:2      | Found a stormy altar of Qazlal.
  2247 | D:2      | Found a burning altar of Makhleb.
  2262 | D:2      | Reached XP level 5. HP: 26/28 MP: 3/13
  2407 | D:3      | Found an iron altar of Okawaru.
  2896 | D:3      | Found a glowing golden altar of the Shining One.
  2910 | D:3      | Found a faded altar of an unknown god.
  3571 | D:4      | Noticed Duvessa
  3571 | D:4      | Noticed Dowan
  3594 | D:3      | Killed from afar by Dowan

Illustrated notes

Levels and vault maps discovered:
D:1:      grunt_arrival_lava_bath, layout_loops_ring
D:2:      layout_basic, makhleb_grotto_becter, old_standard_altar,
          nicolae_qazlal_eye_of_the_storm, minmay_pentomino_r4
D:3:      layout_basic, okawaru_ov_weapons_minmay,
          chequers_ecumenical_altar_island, tso_metal_star
D:4:      layout_rooms, uniq_grinder, uniq_duvessa

Skill      XL: |  1  2  3  4 |
---------------+-------------+-----
Air Magic      | 4 |  4.6
Spellcasting   | 4 |  4.8
Dodging        | 3 |  3.1
Conjurations   | 2 |  2.4
Fighting       | |  0.1
Short Blades   | |  0.3
Stealth        | |  2.7

Action                   |  1- 3 |  4- 6 || total
-------------------------+-------+-------++-------
Melee: Dagger            |    21 |     9 ||    30
 Cast: Shock             |    52 |   103 ||   155
       Airstrike         |       |     5 ||     5
       Static Discharge  |       |     2 ||     2
       Swiftness         |       |     1 ||     1
 Abil: Evoke Flight      |       |     1 ||     1
  Use: Scroll            |     2 |     2 ||     4
       Potion            |     1 |     2 ||     3
Armor: Robe              |     4 |     4 ||     8
Dodge: Dodged            |    24 |    18 ||    42

Table legend: (Time is in decaauts)
 A = Elapsed time spent in this place.
 B = Non-inter-level travel time spent in this place.
 C = Inter-level travel time spent in this place.
 D = Time resting spent in this place.
 E = Time spent auto-exploring this place.
 F = Levels seen in this place.
 G = Mean time per level.
                   A        B        C        D        E       F      G
               +--------+--------+--------+--------+--------+-----+--------+
         Total |   3586 |   3474 |    112 |   1326 |   1479 |   4 |  896.5 |
       Dungeon |   3586 |   3474 |    112 |   1326 |   1479 |   4 |  896.5 |
               +--------+--------+--------+--------+--------+-----+--------+

Top non-repeatable levels by time:
     D:2: 1395 daAuts
     D:3: 1147 daAuts
     D:1: 1039 daAuts
     D:4: 4 daAuts
